 Dungeon Crawl Stone Soup version 0.32-a0-975-g85d4e5bfdb (webtiles) character file.

Game seed: 6018697157881133995

35 funkygono the Firebug (level 3, -2/19 HPs)
             Began as a Gargoyle Fire Elementalist on Apr 18, 2024.
             Slain by Terence
             ... wielding a +0 falchion
              (6 damage)
             ... on level 2 of the Dungeon.
             The game lasted 00:02:32 (1817 turns).

funkygono the Firebug (Gargoyle Fire Elementalist)  Turns: 1817, Time: 00:02:32

Health: -2/19      AC:  5    Str: 11    XL:     3   Next: 35%
Magic:  0/6        EV: 11    Int: 17    God:
Gold:   34         SH:  0    Dex: 10    Spells: 3/6 levels left

rFire   . . .        g - staff of conjuration
rCold   . . .        (no shield)
rNeg    + . .        a - +0 robe
rPois   ∞            (no helmet)
rElec   +            (no cloak)
rCorr   .            (no gloves)
SInv    .            (no boots)
Will    .....        (no amulet)
Stlth   ++           (no ring)
HPRegen 0.23/turn    (no ring)
MPRegen 0.10/turn

%: no passive effects
@: very slightly contaminated
A: sickness immunity, AC +3, negative energy resistance 1, electricity
resistance, torment resistance 1, petrification resistance
a: no special abilities


You were on level 2 of the Dungeon.
You visited 1 branch of the dungeon, and saw 2 of its levels.

You collected 34 gold pieces.

Inventory:

Hand Weapons
 f - a +0 mace
Armour
 a - a +0 robe (worn)
Magical Staves
 g - a staff of conjuration (weapon)
Scrolls
 d - a scroll of identify {unknown}
 e - 2 scrolls of revelation {unknown}
 h - a scroll of summoning {unknown}
 i - a scroll of vulnerability {unknown}
Potions
 b - a potion of magic
 c - 2 potions of curing {unknown}


   Skills:
 + Level 1.8 Dodging
 + Level 2.6 Stealth
 + Level 2.1 Spellcasting
 + Level 1.3 Conjurations
 + Level 3.7 Fire Magic


You had 3 spell levels left.
You knew the following spells:

 Your Spells              Type           Power      Damage    Failure   Level
a - Foxfire               Conj/Fire      60%        2x1d7     7%          1
b - Scorch                Fire           28%        2d6       6%          2

Your spell library contained the following spells:

 Spells                   Type           Power      Damage    Failure   Level
 Inner Flame              Hex/Fire       8%         N/A       26%         3
 Volatile Blastmotes      Fire/Tloc      16%        2d11      26%         3
 Flame Wave               Conj/Fire      15%        2d7       56%         4


Dungeon Overview and Level Annotations

Branches:
Dungeon (2/15)

Altars:

Annotations:
D:2 Terence


Innate Abilities, Weirdness & Mutations

You are immune to sickness and miasma.
Your stone body is resilient. (AC +3)
You are immune to poison.
You resist negative energy. (rN+)
You are resistant to electric shocks. (rElec)
You are resistant to unholy torment.
You are immune to petrification.


Message History

Terence is heavily wounded.
There is a stone staircase leading up here.
Your foxfire dissipates! x2
You climb upwards.
There is a stone staircase leading down here.
Magic restored.
Done exploring.
You climb downwards.
Level annotation: Terence
There is a stone staircase leading up here.
Casting: Foxfire (safe; 7% risk of failure)
Confirm with . or Enter, or press ? or * to list all spells.
You feel a surge of power!
You miscast Foxfire.
You are very lightly contaminated with residual magic.
Nothing appears to happen.
Terence says, "Don't bother to defend, it's senseless."
Casting: Foxfire (safe; 7% risk of failure)
Confirm with . or Enter, or press ? or * to list all spells.
Flames lash Terence but do no damage.
Casting: Scorch (safe; 6% risk of failure)
Confirm with . or Enter, or press ? or * to list all spells.
You miscast Scorch.
Nothing appears to happen.
Terence shouts, "ATTACK!!!"
Terence hits you with a +0 falchion. Terence hits you but does no damage.
Casting: Scorch (safe; 6% risk of failure)
Confirm with . or Enter, or press ? or * to list all spells.
You feel a surge of power!
You miscast Foxfire.
Nothing appears to happen.
Terence hits you with a +0 falchion. Terence attacks as he pursues you!
Terence hits you with a +0 falchion.
Found 9 gold pieces.
Terence attacks as he pursues you! Terence hits you with a +0 falchion.
* * * LOW HITPOINT WARNING * * *
You see here a +0 robe.
Casting: Foxfire (safe; 7% risk of failure)
Confirm with . or Enter, or press ? or * to list all spells.
You feel a surge of power!
You conjure some foxfire!
Terence hits you with a +0 falchion.
You die...
Terence says, "Time to find some more victims."

<..§...#### #.#
....#.#.# ..........#
#.# #.......(
..........#####'###.#
....................#
######.#............#
#.........†....# ###
###..........†.###<#
#.........v......#
#........@@.##.....#
#.........v.##.#$......
#...........##.#.......
........(.##.........
..........####.....?.
.$..!.....# #.......
#...####### ##.####
#... ..


You could see Terence (ally target).

Vanquished Creatures
  2 dart slugs (D:1)
  6 endoplasms (D:1)
  A giant cockroach (D:2)
  3 hobgoblins (D:1)
  3 jackals (D:1)
  A kobold (D:1)
  2 quokkas (D:1)
  4 ball pythons
  A bat (D:1)
  3 frilled lizards
  3 rats (D:1)
29 creatures vanquished.

Vanquished Creatures (others)
  84 foxfires
84 creatures vanquished.

Grand Total: 113 creatures vanquished

Notes
Turn   | Place    | Note
-------+----------+-------------------------------------------
     0 | D:1      | funkygono the Gargoyle Fire Elementalist began the quest
                  | for the Orb.
     0 | D:1      | Reached XP level 1. HP: 10/10 MP: 3/3
   196 | D:1      | Reached XP level 2. HP: 9/15 MP: 3/5
   199 | D:1      | Learned a level 2 spell: Scorch
   861 | D:1      | Reached XP level 3. HP: 19/19 MP: 3/6
  1748 | D:2      | Noticed Terence
  1817 | D:2      | Slain by Terence

Illustrated notes

Levels and vault maps discovered:
D:1:      evilmike_arrival_rings, layout_basic
D:2:      layout_basic, uniq_terence, uniq_robin

Action                     || total
---------------------------++-------
  Melee: Unarmed           ||     8
         Staff             ||     2
   Cast: Foxfire           ||    48
         Scorch            ||     3
 Armour: Robe              ||    31
  Dodge: Dodged            ||    16

Table legend: (Time is in decaauts)
 A = Elapsed time spent in this place.
 B = Non-inter-level travel time spent in this place.
 C = Inter-level travel time spent in this place.
 D = Time resting spent in this place.
 E = Time spent auto-exploring this place.
 F = Levels seen in this place.
 G = Mean time per level.
                   A        B        C        D        E       F      G
               +--------+--------+--------+--------+--------+-----+--------+
         Total |   1817 |   1776 |     41 |      0 |   1574 |   2 |  908.5 |
       Dungeon |   1817 |   1776 |     41 |      0 |   1574 |   2 |  908.5 |
               +--------+--------+--------+--------+--------+-----+--------+

Top non-repeatable levels by time:
     D:1: 1731 daAuts
     D:2: 86 daAuts
